 Dungeon Crawl Stone Soup version 0.23-a0-49-gd9f7a49 (webtiles) character file.

16 Amnesiac the Magician (level 2, -9/19 HPs)
             Began as a Mummy Air Elementalist on Aug 7, 2018.
             Killed from afar by an orc wizard (10 damage)
             ... with a puff of flame
             ... on level 3 of the Dungeon.
             The game lasted 00:02:50 (674 turns).

Amnesiac the Magician (Mummy Air Elementalist)       Turns: 674, Time: 00:02:51

Health: -9/19      AC:  5    Str: 11    XL:     2   Next: 41%
Magic:  6/6        EV: 10    Int: 14    God:
Gold:   54         SH:  0    Dex: 12    Spells: 6/7 levels left

rFire    x . .     SeeInvis .   a - +0 rapier
rCold    + . .     Gourm    .   (no shield)
rNeg     + + +     Faith    .   b - +0 ring mail
rPois    ∞         Spirit   .   (no helmet)
rElec    .         Reflect  .   (no cloak)
rCorr    .         Harm     .   (no gloves)
MR       .....                  (no boots)
Stlth    +.........             (no amulet)
HPRegen  0.06/turn              (no ring)
MPRegen  0.10/turn              (no ring)

@: no status effects
A: no food or potions, fire vulnerability, cold resistance 1, negative energy
resistance 3, torment resistance, unbreathing
a: no special abilities


You were on level 3 of the Dungeon.
You were not hungry.

You visited 1 branch of the dungeon, and saw 4 of its levels.

You collected 54 gold pieces.

Inventory:

Hand Weapons
 a - a +0 rapier (weapon)
 d - a +0 falchion
Armour
 b - a +0 ring mail (worn)
 e - a +0 robe
Wands
 g - a wand of clouds (7)
Scrolls
 c - a scroll of enchant weapon {!r}
 f - a scroll of teleportation {!r}


   Skills:
 - Level 1.5 Dodging
 - Level 1.5 Stealth
 + Level 3.0 Spellcasting
 - Level 0.7 Conjurations
 * Level 3.0 Air Magic


You had 6 spell levels left.
You knew the following spells:

 Your Spells              Type           Power        Failure   Level  Hunger
w - Shock                 Conj/Air       #...         24%         1    N/A

Your spell library contained the following spells:

 Spells                   Type           Power        Failure   Level  Hunger
 Lightning Bolt           Conj/Air       #.........   100%        5    N/A
 Swiftness                Chrm/Air       #.......     38%         2    N/A
 Airstrike                Air            ##........   83%         4    N/A
 Static Discharge         Conj/Air       #.......     58%         3    N/A

Dungeon Overview and Level Annotations

Branches:
Dungeon (4/15)
 Temple: D:4-7

Altars:

Annotations:
D:3 exclusions: downstairs and orc wizard


Innate Abilities, Weirdness & Mutations

You do not eat or drink.
Your flesh is vulnerable to fire.
You are immune to poison.
Your flesh is cold resistant. (rC+)
You are immune to negative energy. (rN+++)
You are immune to unholy pain and torment.
You can survive without breathing.


Message History

h - a scroll labeled USAEHI VEOPLA {!r} A kobold comes into view.
The kobold shouts!
The kobold throws a stone.
The stone hits you but does no damage.
You see here a stone.
A kobold is nearby!
The kobold throws a stone.
The stone closely misses you. The kobold hits you.
You hit the kobold but do no damage. The kobold hits you but does no damage.
You hit the kobold.
You kill the kobold!
No target in view!
No target in view!
You now have 54 gold pieces (gained 15).
Things that are here:
a stone; a glowing sapphire potion {!q}; a kobold corpse
There is an open door here.
There is an open door here.
Found an escape hatch in the floor.
There is an escape hatch in the floor here.
You slide downwards.
The hatch slams shut behind you.
Level annotation: exclusions: downstairs and orc wizard The orc barely misses you.
The orc wizard begins to cast a cantrip, but forgets the words!
The orc wizard mumbles some strange words.
The orc wizard seems to speed up.
The orc wizard begins to cast a cantrip, but forgets the words!
Found a rapier.
Found 16 gold pieces.
You see here a rapier.
A dart slug comes into view.
Found a stone staircase leading down.
The dart slug launches a dart at you. The slug dart misses you.
The slug dart hits the orc wizard.
The orc wizard hits you with a dagger. The dart slug launches a dart at you.
The slug dart misses you. The orc wizard casts a spell at you.
The puff of flame hits you! The fire burns you terribly!
Ouch! That really hurt!
* * * LOW HITPOINT WARNING * * *
The orc wizard casts a spell at you. The puff of frost hits you! You resist.
* * * LOW HITPOINT WARNING * * *
A rat comes into view.
The dart slug launches a dart at you. The slug dart hits you!
An adder comes into view.
The rat barely misses you.
A bat comes into view.
You barely miss the rat.
The adder hisses angrily.
The orc wizard hits you but does no damage.
The rat barely misses you. The orc wizard hits you with a dagger.
* * * LOW HITPOINT WARNING * * *
The rat closely misses you.
Really read
h - a scroll labeled USAEHI VEOPLA {!r}?
As you read the scroll labeled USAEHI VEOPLA {!r}, it crumbles to dust.
It is a scroll of amnesia.
Okay, then.
The orc wizard points at you and mumbles some strange words.
The puff of flame hits you! The fire burns you terribly!
Ouch! That really hurt!
You die...

# #############.#
#####o.o...o.....$##
......######.!......
####..# #.####### #
#..# ##o## .##. #..#
##..o## .....
####..####....o###..b#
..............oo@r...#
...............###>..#
###...##......## ..S..
#....>.#..w## .#.#
###.#.##.#.#### # #
.##.#....#...o###
.#.....######oo.#
......<..#oo..#o#
.#.#...#.#.#### #


You could see an orc wizard, an adder, a dart slug, 4 orcs, a bat and a rat.

Vanquished Creatures
  A leopard gecko (D:3)
  An orc (D:2)
  2 goblins
  4 hobgoblins
  A bat (D:3)
  A frilled lizard (D:3)
  2 kobolds
  A rat (D:3)
13 creatures vanquished.

Notes
Turn   | Place    | Note
-------+----------+-------------------------------------------
     0 | D:1      | Amnesiac the Mummy Air Elementalist began the quest for the Orb.
     0 | D:1      | Reached XP level 1. HP: 13/13 MP: 4/4
    88 | D:2      | Found a faded altar of an unknown god.
   342 | D:3      | Noticed an orc wizard
   388 | D:3      | Reached XP level 2. HP: 19/19 MP: 5/5
   486 | D:4      | Noticed an ogre
   674 | D:3      | Killed from afar by an orc wizard

Vault maps used:
D:1:      dpeg_arrival_fog
D:2:      chequers_ecumenical_altar_simple_redux
D:3:      first_ration
D:4:      minmay_vboxes

Skill      XL: |  1  2 |
---------------+-------+-----
Spellcasting   | 3 |  3.0
Air Magic      | 3 |  3.0
Dodging        | |  1.5
Stealth        | |  1.5
Conjurations   | |  0.7

Action                   || total
-------------------------++-------
Melee: Rapier            ||    36
       Whip              ||     6
  Use: Scroll            ||     4
 Stab: Sleeping          ||     1
Armor: Robe              ||     1
       Ring mail         ||     8
Dodge: Dodged            ||    30

Table legend:
 A = Spawn XP
 B = Non-spawn XP
 C = Spawn XP percentage of total XP
 D = Spawn monster count
 E = Non-spawn monster count
 F = Spawn count percentage of total count
 G = Total turns spent on level
                    A         B        C        D         E        F      G
               +---------+---------+-------+---------+---------+-------+---------
         Total |       0 |      24 |   0.0 |       0 |      13 |   0.0 |   674
               +---------+---------+-------+---------+---------+-------+---------
           D:2 |       0 |      11 |   0.0 |       0 |       5 |   0.0 |   272
           D:3 |       0 |      13 |   0.0 |       0 |       8 |   0.0 |   380
               +---------+---------+-------+---------+---------+-------+---------
